Map: King Sejong Station LE

Players

Dark - Winner!

  • Race: Zerg Zerg

Neeblet (Neeb)

  • Race: Protoss Protoss

Event: 2016 WCS Global Finals

VOD

Have the link to the VOD?

Description

Time

  • Played on: Nov. 4, 2016, 5 p.m.
  • Length: 10:19

All games in this series

Show
View Real Time Build Order
Export as new Build Order

Dark Zerg - Winner!

Build Orders: Hatch First, Lurkers 

Get SALT Encoding   

  12  0:00  Drone  
  13  0:13  Overlord  
  13  0:16  Drone  
  14  0:31  Drone x2  
  16  0:35  Drone  
  17  0:52  Hatchery  
  17  0:56  Drone  
  17  0:58  Drone  
  18  1:09  Extractor  
  17  1:13  Spawning Pool  
  17  1:18  Drone x2  
  18  1:29  Drone  
  19  1:41  Overlord  
  19  1:50  Drone  
  20  2:01  Zergling x2  
  21  2:04  Queen x2  
  21  2:05  Drone  
  26  2:10  Metabolic Boost  
  26  2:11  Drone  
  27  2:17  Drone  
  28  2:26  Drone x2  
  30  2:34  Drone  
  31  2:40  Hatchery  
  30  2:45  Drone  
  30  2:47  Pneumatized Carapace  
  31  2:52  Zergling x2  
  31  2:55  Overlord  
  31  2:58  Drone x2  
  34  3:06  Zergling x2  
  35  3:13  Drone x3  
  35  3:14  Drone x3  
  35  3:16  Drone  
  41  3:24  Spore Crawler, Overlord  
  40  3:28  Drone  
  40  3:31  Drone  
  41  3:35  Zergling x2  
  43  3:44  Drone  
  43  3:47  Evolution Chamber  
  43  3:48  Extractor, Queen  
  43  3:51  Drone x2  
  43  3:52  Drone x2  
  43  3:53  Drone x2  
  50  3:57  Roach Warren  
  49  4:04  Drone x2  
  49  4:06  Queen  
  53  4:12  Overlord  
  53  4:13  Lair  
  53  4:16  Zergling x2  
  53  4:17  Zergling x6  
  56  4:21  Spore Crawler  
  56  4:22  Spore Crawler  
  55  4:25  Drone, Spore Crawler  
  55  4:27  Drone  
  55  4:30  Drone x2  
  58  4:36  Drone x2  
  58  4:38  Overlord  
  60  4:39  Roach  
  60  4:41  Roach  
  64  4:47  Overlord  
  64  4:56  Overlord  
  64  4:57  Roach x3  
  64  4:58  Drone x2  
  64  4:59  Drone  
  73  5:02  Overlord  
  73  5:05  Overlord  
  74  5:07  Drone x2  
  74  5:09  Drone  
  74  5:11  Overseer  
  76  5:14  Roach x2  
  76  5:20  Drone x2  
  81  5:23  Drone  
  80  5:31  Drone x2  
  80  5:33  Drone x6  
  84  5:36  Drone  
  84  5:38  Glial Reconstitution  
  84  5:41  Drone x3, Extractor  
  87  5:42  Extractor  
  87  5:44  Overseer  
  87  5:48  Extractor  
  87  5:49  Extractor, Hydralisk Den  
  83  5:52  Zergling x2  
  83  5:53  Zergling x4  
  83  5:56  Zerg Missile Weapons Level 1  
  86  6:01  Drone  
  86  6:04  Roach  
  89  6:06  Drone  
  89  6:09  Drone  
  91  6:13  Drone x6  
  91  6:14  Spine Crawler  
  91  6:16  Drone x2  
  96  6:26  Muscular Augments  
  96  6:28  Drone  
  96  6:30  Overlord  
  96  6:31  Overlord  
  97  6:33  Hatchery  
  95  6:55  Hydralisk x5  
  95  6:56  Overlord  
  95  6:57  Overlord x3  
  105  7:15  Hydralisk x3  
  105  7:16  Hydralisk x8  
  127  7:23  Baneling Nest, Drone x2  
  127  7:25  Drone x2  
  127  7:26  Drone x2  
  127  7:29  Overlord x2  
  132  7:30  Hydralisk  
  132  7:35  Hydralisk x2  
  138  7:42  Lurker Den  
  138  7:44  Extractor  
  138  7:45  Drone  
  138  7:46  Overseer, Queen  
  138  7:47  Drone x2  
  142  7:52  Zergling x8  
  142  7:54  Extractor  
  142  7:56  Zergling x2  
  142  7:57  Zergling x10  
  151  7:59  Zergling x4  
  151  8:00  Zergling x2  
  154  8:08  Zergling x2, Overlord  
  154  8:11  Hydralisk  
  157  8:13  Zergling x6  
  157  8:16  Centrifical Hooks  
  157  8:19  Overlord  
  160  8:23  Overlord x3  
  160  8:28  Zergling x14  
  167  8:35  Zergling x2  
  167  8:37  Hatchery  
  167  8:38  Zergling x2  
  167  8:39  Zergling x4  
  169  8:45  Zergling x6  
  169  8:47  Zergling x4  
  173  8:53  Zergling x8  
  175  8:56  Zergling x2  
  175  8:58  Hydralisk x2  
  175  8:59  Hydralisk x2  
  178  9:04  Zergling x2  
  178  9:06  Zergling x6  
  178  9:08  Lurker  
  178  9:09  Lurker x10  
  192  9:13  Lurker x2  
  192  9:14  Lurker  
  195  9:23  Zergling x2  
  196  9:25  Baneling x10  
  196  9:26  Baneling x2  
  196  9:28  Zergling x2  
  197  9:44  Hydralisk x2  
  192  9:50  Zergling x14  
  187  9:54  Hydralisk  
  194  10:00  Zergling x10  
  194  10:02  Zergling x4  
Show
View Real Time Build Order
Export as new Build Order

Neeblet Protoss 

Build Orders: 1 Gate Expand, Zealot Archon, Dark Templar Rush 

Get SALT Encoding   

  12  0:00  Probe (Chrono Boost)  
  13  0:11  Probe (Chrono Boost)  
  14  0:17  Pylon  
  14  0:21  Probe (Chrono Boost)  
  16  0:35  Probe (Chrono Boost)  
  16  0:36  Gateway  
  16  0:43  Assimilator  
  16  0:46  Probe (Chrono Boost)  
  17  0:57  Probe (Chrono Boost)  
  18  1:07  Probe (Chrono Boost)  
  19  1:19  Nexus  
  19  1:22  Probe (Chrono Boost)  
  20  1:31  Cybernetics Core  
  20  1:34  Probe (Chrono Boost)  
  21  1:40  Assimilator  
  21  1:45  Probe (Chrono Boost)  
  22  1:50  Pylon  
  22  1:55  Probe (Chrono Boost)  
  23  2:05  Adept  
  23  2:08  Warp Gate  
  23  2:10  Probe (Chrono Boost)  
  26  2:22  Probe (Chrono Boost)  
  27  2:32  Adept, Mothership Core (Chrono Boost)  
  27  2:33  Probe (Chrono Boost)  
  33  2:44  Probe (Chrono Boost)  
  33  2:50  Probe (Chrono Boost)  
  34  2:52  Twilight Council  
  34  2:54  Probe (Chrono Boost)  
  35  3:00  Probe (Chrono Boost)  
  35  3:05  Probe (Chrono Boost)  
  37  3:11  Probe (Chrono Boost)  
  38  3:15  Probe (Chrono Boost)  
  38  3:17  Robotics Facility  
  38  3:18  Gateway  
  39  3:21  Probe (Chrono Boost)  
  39  3:23  Gateway  
  39  3:26  Probe (Chrono Boost)  
  41  3:32  Probe (Chrono Boost)  
  42  3:36  Probe (Chrono Boost)  
  42  3:38  Dark Shrine  
  43  3:42  Pylon, Probe (Chrono Boost)  
  43  3:47  Probe (Chrono Boost)  
  45  3:53  Probe (Chrono Boost)  
  45  3:54  Pylon  
  46  3:59  Warp Prism  
  46  4:00  Probe (Chrono Boost)  
  46  4:02  Gateway  
  47  4:06  Assimilator  
  47  4:07  Probe (Chrono Boost)  
  50  4:10  Assimilator  
  50  4:11  Probe (Chrono Boost)  
  51  4:19  Probe (Chrono Boost)  
  51  4:21  Probe (Chrono Boost)  
  51  4:23  Stalker x2  
  57  4:24  Stalker  
  57  4:28  Pylon  
  60  4:31  Probe (Chrono Boost)  
  60  4:33  Pylon  
  62  4:53  Probe x2 (Chrono Boost)  
  62  4:59  Pylon  
  62  5:00  Dark Templar  
  62  5:01  Dark Templar x2  
  62  5:02  Dark Templar  
  62  5:06  Archon  
  70  5:07  Archon  
  70  5:09  Nexus  
  71  5:14  Pylon, Probe (Chrono Boost)  
  71  5:17  Probe (Chrono Boost)  
  72  5:22  Observer  
  72  5:27  Probe (Chrono Boost)  
  75  5:29  Probe (Chrono Boost)  
  75  5:39  Immortal, Probe (Chrono Boost)  
  75  5:40  Forge  
  75  5:42  Probe (Chrono Boost)  
  77  5:43  Assimilator, Pylon  
  77  5:45  Sentry  
  77  5:46  Sentry  
  77  5:47  Sentry  
  77  5:48  Assimilator  
  88  5:51  Probe (Chrono Boost)  
  88  5:52  Pylon  
  88  5:54  Probe (Chrono Boost)  
  88  5:56  Pylon  
  89  6:03  Probe (Chrono Boost)  
  90  6:06  Probe (Chrono Boost)  
  91  6:13  Immortal  
  91  6:15  Probe (Chrono Boost)  
  97  6:18  Probe (Chrono Boost)  
  97  6:20  Protoss Ground Weapons Level 1  
  98  6:25  Charge  
  98  6:27  Probe x2 (Chrono Boost)  
  98  6:30  Probe (Chrono Boost)  
  100  6:35  Gateway  
  100  6:37  Probe (Chrono Boost)  
  100  6:38  Gateway  
  100  6:39  Gateway, Probe (Chrono Boost)  
  102  6:43  Probe (Chrono Boost)  
  103  6:47  Immortal  
  103  6:48  Probe (Chrono Boost)  
  103  6:53  Probe (Chrono Boost)  
  109  6:55  Pylon  
  109  6:59  Zealot x3  
  109  7:00  Probe (Chrono Boost)  
  116  7:06  Templar Archives  
  116  7:07  Photon Cannon  
  116  7:18  Nexus  
  116  7:20  Pylon  
  116  7:23  Immortal, Pylon  
  116  7:24  Pylon  
  120  7:34  Pylon  
  120  7:36  Robotics Facility  
  120  7:47  Gateway x2  
  120  7:51  Pylon  
  120  7:57  Immortal  
  120  8:03  Probe (Chrono Boost)  
  120  8:04  Probe (Chrono Boost)  
  120  8:05  Probe (Chrono Boost)  
  127  8:07  Assimilator  
  127  8:10  Stargate  
  127  8:11  Assimilator  
  127  8:12  Zealot x4  
  135  8:13  Sentry  
  135  8:14  Probe (Chrono Boost), Sentry  
  135  8:16  Probe (Chrono Boost)  
  135  8:17  Probe (Chrono Boost)  
  142  8:26  Immortal  
  146  8:36  Immortal  
  146  8:40  Photon Cannon  
  150  8:43  Zealot x2  
  150  8:44  Zealot  
  150  8:46  High Templar x4  
  162  8:51  Archon x2  
  162  9:01  Probe x4 (Chrono Boost)  
  161  9:05  Immortal  
  161  9:06  Sentry  
  161  9:07  High Templar x2  
  171  9:10  Immortal  
  171  9:11  Oracle  
  171  9:13  Archon, Probe (Chrono Boost)  
  180  9:20  Probe (Chrono Boost)  
  180  9:25  Pylon  
  180  9:29  High Templar x2  
  180  9:30  Zealot x4  
  192  9:37  Zealot  
  194  9:40  Archon  
  193  9:53  Zealot x3  
  167  10:02  Zealot x4  
  168  10:11  Zealot  
  168  10:12  Zealot  
Tags
 
Add a new tag
Caveats
  • Supply blocks, unpowered buildings, or Contaminate may cause inaccurate times.
  • Supply counts are checked every 10 seconds.